 Dungeon Crawl Stone Soup version 0.31-a0-185-g9dded2c639 (webtiles) character file.

Game seed: 7339094879463885015

7 qw the Shooter (level 1, -2/12 HPs)
             Began as a Deep Elf Hunter on June 22, 2023.
             Slain by a gnoll
             ... wielding a +0 spear
              (4 damage)
             ... on level 1 of the Dungeon.
             The game lasted 00:00:03 (91 turns).

qw the Shooter (Deep Elf Hunter)                      Turns: 91, Time: 00:00:03

Health: -2/12      AC:  3    Str:  8    XL:     1   Next: 91%
Magic:  3/3        EV: 12    Int: 13    God:
Gold:   0          SH:  0    Dex: 18    Spells: 0/0 levels left

rFire   . . .        a - +0 shortbow
rCold   . . .        (shield currently unavailable)
rNeg    . . .        c - +0 leather armour
rPois   .            (no helmet)
rElec   .            (no cloak)
rCorr   .            (no gloves)
SInv    .            (no boots)
Will    .....        (no amulet)
Stlth   ++           (no ring)
HPRegen 0.22/turn    (no ring)
MPRegen 0.08/turn

%: no passive effects
@: no status effects
A: no striking features
a: no special abilities


You were on level 1 of the Dungeon.
You visited 1 branch of the dungeon, and saw 1 of its levels.


   Skills:
 - Level 1.5 Fighting
 + Level 5.9 Ranged Weapons
 - Level 2.4 Dodging
 - Level 1.2 Stealth


You couldn't memorise any spells.
You didn't know any spells.
Your spell library was empty.

Inventory:

Hand Weapons
 a - a +0 shortbow (weapon)
Armour
 c - a +0 leather armour (worn)
Scrolls
 b - a scroll of butterflies
 e - a scroll of blinking {unknown}
 f - a scroll of fear {unknown}

Dungeon Overview and Level Annotations

Branches:
Dungeon (1/15)

Altars:

Annotations:
D:1 exclusion: 2 gnolls


Message History

HP restored.
d - an amulet of magic regeneration
Found a faded altar of an unknown god.
Found a spear.
e - a scroll labelled ITUOLO YGACH
f - a scroll labelled ZIDU UMAAPAME A frilled lizard comes into view.
Found 9 gold pieces.
You shoot an arrow. The arrow hits the frilled lizard.
You kill the frilled lizard!
A kobold comes into view. It is wielding a +0 club.
The kobold shouts!
You shoot an arrow. The arrow hits the kobold!
You kill the kobold!
A dart slug comes into view.
You shoot an arrow. The arrow hits the dart slug!
The dart slug is almost dead.
You shoot an arrow. The arrow hits the dart slug!
You kill the dart slug!
A gnoll comes into view. It is wielding a +0 spear.
You shoot an arrow. The arrow closely misses the gnoll.
The gnoll shouts!
A gnoll comes into view. It is wielding a +0 spear.
You shoot an arrow. The arrow closely misses the gnoll.
You shoot an arrow. The arrow hits the gnoll.
The gnoll is heavily wounded.
You shoot an arrow. The arrow closely misses the gnoll.
The gnoll barely misses you.
You shoot an arrow. The arrow hits the gnoll.
The gnoll is almost dead.
The gnoll misses you.
The gnoll hits you from afar with a +0 spear.
The gnoll barely misses you.
You shoot an arrow. The arrow barely misses the gnoll.
The gnoll hits you from afar with a +0 spear. x2
91 ||| DROPPING amulet of magic regeneration.
You drop an amulet of magic regeneration.
The gnoll throws a stone.
The stone closely misses you.
The gnoll hits you from afar with a +0 spear.
You die...

+%.#. ##+#+####...
.........#.#.
..#.8.#..#.#. ###
....ยค.~0...... #..
#......0..#...
.######.#
#..#...#..#.##
.....g..###.........#.#
.....g$@.##.........#.#
....)....##..#...#..#.#
.#.#####.##.........#.#
#.##.........###
#.##....<....#
#.############### #.#.#
#.# #....#
#.#.####.###.#...
#................


You could see 2 gnolls.

Vanquished Creatures
  2 dart slugs (D:1)
  A kobold (D:1)
  A frilled lizard (D:1)
4 creatures vanquished.

Notes
Turn   | Place    | Note
-------+----------+-------------------------------------------
     0 | D:1      | qw the Deep Elf Hunter began the quest for the Orb.
     0 | D:1      | Reached XP level 1. HP: 12/12 MP: 3/3
     0 | D:1      | 0 ||| qw: Version: 0.3-a-9-g12657ce
     0 | D:1      | 0 ||| qw: Game counter: 1847
     0 | D:1      | 0 ||| qw: Always use a shield: true
     0 | D:1      | 0 ||| qw: God list: Okawaru
     0 | D:1      | 0 ||| qw: Allow faded altars: false
     0 | D:1      | 0 ||| qw: Do Orc after D:15 true
     0 | D:1      | 0 ||| qw: Do second Lair branch before Depths: true
     0 | D:1      | 0 ||| qw: Lair rune preference: random
     0 | D:1      | 0 ||| qw: Plans: Normal
     0 | D:1      | 0 ||| PLANNING D:1-11
    45 | D:1      | Found a faded altar of an unknown god.
    90 | D:1      | HP: 2/12 [gnoll/+0 spear (2)]
    91 | D:1      | 91 ||| DROPPING amulet of magic regeneration.
    91 | D:1      | Slain by a gnoll

Levels and vault maps discovered:
D:1:      shiori_arrival_oz, layout_loops_cross,
          dreamdust_ecumenical_altar_grove, grunt_decor_resistance

Action                     || total
---------------------------++-------
   Fire: Shortbow          ||    13
  Dodge: Dodged            ||     4

Table legend:
 A = Non-vault XP
 B = Vault XP
 C = Vault XP percentage of total XP
 D = Non-vault monster count
 E = Vault monster count
 F = Vault count percentage of total count
                 A         B        C        D         E       F
            +---------+---------+-------+---------+---------+-------
      Total |      11 |       0 |   0.0 |       4 |       0 |   0.0
            +---------+---------+-------+---------+---------+-------
        D:1 |      11 |       0 |   0.0 |       4 |       0 |   0.0
            +---------+---------+-------+---------+---------+-------
